 Dungeon Crawl Stone Soup version 0.19.1-1-g22dce08 (webtiles) character file.

3901 theAP the Grappler (level 10, -2/110 HPs)
             Began as a Troll Fighter on Jan 15, 2017.
             Slain by a gnoll
             ... wielding a +0 whip
              (6 damage)
             ... on level 8 of the Dungeon.
             The game lasted 00:15:12 (5062 turns).

theAP the Grappler (Troll Fighter)                  Turns: 5062, Time: 00:15:13

Health: -2/110     AC:  7    Str: 28      XL:     10   Next: 0%
Magic:  9/9        EV: 10    Int:  4      God:
Gold:   220        SH: 11    Dex:  9 (10) Spells: 0 memorised, 9 levels left

rFire  + . .     SeeInvis .       - Unarmed
rCold  . . .     Gourm    +     q - +2 robe {MR+}
rNeg   . . .     Faith    .     b - +2 shield
rPois  +         Spirit   .     (helmet restricted)
rElec  .         Reflect  .     t - +0 cloak
rCorr  .         Harm     .     (gloves unavailable)
MR     +....                    (boots unavailable)
Stlth  +.........               v - amulet of rage
                                E - ring of poison resistance
                                h - ring of protection from fire

@: exhausted, hasted and slowed
A: unfitting armour, claws 3, deformed body, fast metabolism 3, gourmand,
regeneration 1, robust 1, shaggy fur 1, tough skin 2, MP-powered wands
a: Evoke Berserk Rage


You were on level 8 of the Dungeon.
You were very full.

You visited 2 branches of the dungeon, and saw 9 of its levels.

You collected 480 gold pieces.
You spent 260 gold pieces at shops.

Inventory:

Armour
 a - a +0 robe
 b - a +2 shield (worn)
 k - a +1 helmet
 o - a +2 robe of the Archmagi
 q - a +2 robe of magic resistance (worn)
 t - a +0 cloak (worn)
Jewellery
 h - a ring of protection from fire (left claw)
 v - an amulet of rage (around neck)
 E - a ring of poison resistance (right claw)
Wands
 i - a wand of polymorph (14/24)
 J - a wand of flame (20/48)
 L - a wand of flame (11/48)
Scrolls
 e - a scroll of holy word {unknown}
 f - 2 scrolls of teleportation
 g - a scroll of amnesia
 n - a scroll of blinking
 p - a scroll of fear
 r - 5 scrolls of identify
 w - 2 scrolls of immolation
 x - a scroll of noise {unknown}
 y - a scroll of magic mapping
 D - a scroll of enchant weapon
 K - a scroll of remove curse
 M - a scroll of enchant armour
Potions
 c - 4 potions of might
 j - 2 potions of degeneration
 l - 4 potions of lignification
 z - a potion of brilliance {unknown}
 A - 2 potions of resistance {unknown}
 F - 2 potions of flight {unknown}
 G - a potion of heal wounds {unknown}
 I - a potion of agility {unknown}
 N - a potion of haste
Books
 H - a book of Maledictions

   Spells                             Type                      Level
   a - Corona                         Hexes                        1
   b - Ensorcelled Hibernation        Hexes/Ice                    2
   c - Confuse                        Hexes                        3
   d - Tukima's Dance                 Hexes                        3
   e - Dazzling Spray                 Conjuration/Hexes            3
Comestibles
 d - 5 bread rations
 m - 5 meat rations
 s - 3 fruits
 u - 2 beef jerkies
 C - 6 chunks of flesh


   Skills:
 + Level 6.5 Fighting
 + Level 6.5 Dodging
 - Level 2.4 Shields
 * Level 10.3 Unarmed Combat


You had 9 spell levels left.
You didn't know any spells.

Dungeon Overview and Level Annotations

Branches:
Dungeon (8/15)             Temple (1/1) D:6
   Lair: D:8-11

Altars:
Ashenzari
Cheibriados
Dithmenos
Elyvilon
Fedhas
Gozag
Hepliaklqana
Kikubaaqudgha
Makhleb
Nemelex Xobeh
Qazlal
Ru
Sif Muna
Trog
Uskayaw
Vehumet
Xom
Yredelemnul
Zin

Shops:
D:7 [!


Innate Abilities, Weirdness & Mutations

You are too large for most types of armour.
You have claws for hands.
Your metabolism is lightning-fast.
You like to eat raw meat.
Your natural rate of healing is unusually fast.
You are covered in fur. (AC +1)
You have very tough skin. (AC +2)
Armour fits poorly on your strangely shaped body.
You are robust. (+10% HP)
You expend magic power (3 MP) to strengthen your wands.


Message History

You feel yourself slow down.
The yak gores the plant but does no damage.
The gnoll hits the plant but does no damage.
You feel better. The gnoll closely misses you. You block the gnoll's attack.
The gnoll hits the plant but does no damage.
You feel yourself speed up. You block the quasit's attack.
The quasit closely misses you.
The quasit claws you but does no damage.
The electric eel shoots out a bolt of lightning at you!
The bolt of electricity misses you.
The bolt of electricity hits the gnoll.
The bolt of electricity hits the plant.
You block the quasit's attack. The quasit claws you.
* * * LOW HITPOINT WARNING * * *
You feel clumsy. The quasit claws you.
* * * LOW HITPOINT WARNING * * *
The gnoll hits you with a club.
* * * LOW HITPOINT WARNING * * *
The gnoll hits you with a whip.
You die...

#..≈≈≈≈≈≈P.P%....
.$.≈≈≈≈≈...P.....
....≈≈≈≈≈.P.P...P.
....≈≈≈≈≈.........
....≈≈≈≈≈.P.[.P.P.P
....≈≈≈≈≈.PYP.P.P.P
...≈≈≈≈≈ggPgP.P.P..
........@g†Y.......
.......).5)........
..≈≈≈≈);.).........
..≈≈≈≈≈.†..........
.≈≈≈≈≈≈...#'''#...
≈≈≈≈≈≈...##...##..
≈≈≈≈≈≈..##.....##.
≈≈≈≈≈≈..#...<)..#
≈≈≈≈≈♣..#..)))..#


You could see 2 yaks, an electric eel, a quasit and 4 gnolls.

Vanquished Creatures
  The ghost of esteth the Conjurer, a novice DrWz of Vehumet (D:7)
  Sigmund (D:3)
  2 hogs (D:8)
  Menkaure (D:4)
  2 water moccasins
  Duvessa (D:4)
  An orc warrior (D:7)
  2 black bears (D:6)
  An ice beast (D:7)
  A sky beast (D:5)
  2 phantoms
  3 ogres
  2 centaurs
  Blork the orc (D:6)
  4 bullfrogs (D:8)
  A gnoll sergeant (D:8)
  Dowan (D:4)
  3 scorpions
  A howler monkey (D:6)
  A centaur zombie (D:6)
  A crimson imp (D:8)
  2 bullfrog zombies
  3 hounds
  2 gnoll shamans
  6 orc priests
  3 iguanas
  A centaur skeleton (D:5)
  6 orc wizards
  3 worker ants
  A hound zombie (D:5)
  A worker ant zombie (D:6)
  8 gnolls
  9 adders
  A howler monkey skeleton (D:5)
  An adder skeleton (D:7)
  4 worms
  2 dart slugs
  3 leopard geckos
  32 orcs
  8 bats
  3 giant cockroaches
  5 goblins
  5 hobgoblins
  9 jackals
  9 kobolds
  5 quokkas
  7 frilled lizards
  A leopard gecko skeleton (D:4)
  6 rats
179 creatures vanquished.

Notes
Turn   | Place    | Note
-------+----------+-------------------------------------------
     0 | D:1      | theAP the Troll Fighter began the quest for the Orb.
     0 | D:1      | Reached XP level 1. HP: 22/22 MP: 0/0
   173 | D:1      | Reached XP level 2. HP: 29/29 MP: 1/1
   603 | D:2      | Reached XP level 3. HP: 36/36 MP: 2/2
   638 | D:2      | Reached skill level 3 in Unarmed Combat
   851 | D:2      | Reached XP level 4. HP: 37/44 MP: 3/3
  1239 | D:3      | Noticed Sigmund
  1254 | D:3      | Killed Sigmund
  1254 | D:3      | Reached skill level 4 in Unarmed Combat
  1254 | D:3      | Reached XP level 5. HP: 18/53 MP: 4/4
  1254 | D:3      | Reached XP level 6. HP: 21/61 MP: 5/5
  1646 | D:4      | Noticed Duvessa
  1647 | D:4      | Noticed Menkaure
  1647 | D:4      | Noticed Dowan
  1655 | D:4      | Killed Duvessa
  1655 | D:4      | Reached skill level 5 in Unarmed Combat
  1656 | D:4      | Killed Dowan
  1666 | D:4      | Killed Menkaure
  1666 | D:4      | Reached XP level 7. HP: 21/70 MP: 6/6
  1830 | D:4      | Reached skill level 6 in Unarmed Combat
  2175 | D:4      | Found a hazy altar of Hepliaklqana.
  2175 | D:4      | Found a faded altar of an unknown god.
  2180 | D:4      | Found a hide-covered altar of Uskayaw.
  2182 | D:4      | Found a faded altar of an unknown god.
  2183 | D:4      | Found a faded altar of an unknown god.
  2363 | D:5      | Entered Level 5 of the Dungeon
  2415 | D:5      | Reached XP level 8. HP: 27/79 MP: 7/7
  2640 | D:5      | Found a snail-covered altar of Cheibriados.
  2658 | D:5      | Reached skill level 7 in Unarmed Combat
  2933 | D:5      | Found a shimmering altar of Xom.
  3009 | D:5      | Gained mutation: You are robust. (+10% HP) [mutagenic meat]
  3010 | D:5      | Gained mutation: You tend to lose your temper in combat. [mutagenic meat]
  3011 | D:5      | Lost mutation: You tend to lose your temper in combat. [mutagenic meat]
  3012 | D:5      | Gained mutation: Armour fits poorly on your strangely shaped body. [mutagenic meat]
  3013 | D:5      | Gained mutation: You expend magic power (3 MP) to strengthen your wands. [mutagenic meat]
  3194 | D:6      | Found a shimmering altar of Xom.
  3194 | D:6      | Found a white marble altar of Elyvilon.
  3217 | D:6      | Reached skill level 5 in Fighting
  3217 | D:6      | Reached skill level 5 in Dodging
  3227 | D:6      | Found a shadowy altar of Dithmenos.
  3227 | D:6      | Found a shattered altar of Ashenzari.
  3307 | D:6      | Found a staircase to the Ecumenical Temple.
  3313 | Temple   | Entered the Ecumenical Temple
  3890 | D:6      | Found a blossoming altar of Fedhas.
  3902 | D:6      | Reached skill level 8 in Unarmed Combat
  3989 | D:6      | Noticed Blork the orc
  4020 | D:6      | Killed Blork the orc
  4212 | D:6      | Reached XP level 9. HP: 92/96 MP: 8/8
  4469 | D:7      | Noticed esteth's ghost (novice DrWz)
  4489 | D:7      | Killed esteth's ghost
  4489 | D:7      | Reached skill level 9 in Unarmed Combat
  4550 | D:7      | Found Ocezad's Antique Armour Emporium.
  4865 | D:7      | Found Sopuro's Distillery.
  4873 | D:7      | Bought a potion of haste for 130 gold pieces
  4873 | D:7      | Bought a potion of haste for 130 gold pieces
  5016 | D:8      | Reached skill level 10 in Unarmed Combat
  5056 | D:8      | Reached XP level 10. HP: 19/110 MP: 9/9
  5057 | D:8      | HP: 6/165 [gnoll/club (4)]
  5058 | D:8      | HP: 2/165 [quasit (3)]
  5062 | D:8      | Slain by a gnoll

Skill      XL: |  1  2  3  4  5  6  7  8  9 |
---------------+----------------------------+-----
Unarmed Combat | 3 4 5 6 8 10 | 10.3
Dodging        | 3 4 5 6 |  6.5
Fighting       | 3 4 5 6 |  6.5
Shields        | |  2.4

Action                   |  1- 3 |  4- 6 |  7- 9 | 10-12 || total
-------------------------+-------+-------+-------+-------++-------
Melee: Unarmed           |   105 |   115 |   350 |     2 ||   572
 Abil: Evoke Berserk Rag |       |     1 |     1 |       ||     2
  Use: Scroll            |       |     9 |     6 |       ||    15
       Potion            |       |     3 |       |     2 ||     5
  Eat: Chunk             |     9 |    12 |    37 |       ||    58
Armor: Robe              |    36 |    31 |    77 |     5 ||   149
Dodge: Dodged            |    25 |    31 |   105 |     3 ||   164
Block: Shield            |    40 |    50 |   181 |     6 ||   277
